 Dungeon Crawl Stone Soup version 0.21.1-1-g345015fe64 (webtiles) character file.

240946 MsStandart the Slayer (level 18, -4/187 HPs)
             Began as a Minotaur Berserker on May 18, 2018.
             Was the Champion of Trog.
             Shot with a bolt by a yaktaur (18 damage)
             ... on level 1 of the Vaults on June 2, 2018.
             The game lasted 05:40:20 (48004 turns).

MsStandart the Slayer (Minotaur Berserker)         Turns: 48004, Time: 05:40:21

Health: -4/187     AC: 21    Str: 31    XL:     18   Next: 63%
Magic:  0/6        EV: 18    Int:  4    God:    Trog [******]
Gold:   3028       SH:  0    Dex: 13    Spells: 17/17 levels left

rFire    + . .     SeeInvis .   T - +7 hand axe "Meoribiv" {antimagic, rC- rN++ Str+4}
rCold    x . .     Gourm    .   (no shield)
rNeg     + + .     Faith    .   v - +9 plate armour
rPois    +         Spirit   +   S - +1 hat {MR+}
rElec    .         Reflect  .   o - +1 cloak
rCorr    .         Harm     .   p - +0 pair of gloves
MR       ++...                  Z - +1 pair of boots
Stlth    ..........             s - amulet of guardian spirit
HPRegen  0.41/turn              a - ring of protection from fire
MPRegen  0.10/turn              D - ring of poison resistance

@: corroded, drained
A: retaliatory headbutt, horns 2
}: 2/15 runes: decaying, serpentine
a: Berserk, Trog's Hand, Brothers in Arms, Burn Spellbooks, Renounce Religion


You were on level 1 of the Vaults.
You worshipped Trog.
Trog was exalted by your worship.
You were hungry.

You visited 6 branches of the dungeon, and saw 32 of its levels.

You collected 3360 gold pieces.
You spent 332 gold pieces at shops.

Inventory:

Hand Weapons
 m - a +7 antimagic great mace
 r - a +5 shortbow of flaming
 y - a +7 battleaxe of flaming
 P - a +3 great mace of protection
 T - the +7 hand axe "Meoribiv" (weapon) {antimagic, rC- rN++ Str+4}
   (You found it on level 4 of the Swamp)

   It reduces the magical energy of the wielder, and disrupts the spells and
   magical abilities of those hit.
   Natural abilities and divine invocations are not affected.
   It affects your strength (+4).
   It makes you vulnerable to cold.
   It greatly protects you from negative energy.
 Y - the +3 war axe "Zoora" {venom, rPois}
   (Trog gifted it to you on level 3 of the Snake Pit)

   It poisons the flesh of those it strikes.
   It protects you from poison.
Armour
 o - a +1 cloak (worn)
 p - a +0 pair of gloves (worn)
 v - a +9 plate armour (worn)
 S - a +1 hat of magic resistance (worn)
 Z - a +1 pair of boots (worn)
Jewellery
 a - a ring of protection from fire (left hand)
 h - an uncursed amulet of harm
 k - a +1 ring of evasion
 q - an uncursed ring of flight
 s - an amulet of guardian spirit (around neck)
 A - an uncursed ring of positive energy
 B - a +3 amulet of reflection
 D - a ring of poison resistance (right hand)
 H - an uncursed ring of resist corrosion
 I - a +3 ring of dexterity
 J - a +2 ring of strength
 L - an uncursed ring of protection from cold
 Q - an uncursed amulet of regeneration
 X - an uncursed amulet of magic regeneration
Wands
 d - a wand of digging (47)
 g - a wand of acid (18)
 n - a wand of disintegration (36)
 G - a wand of random effects (65)
 O - a wand of polymorph (2)
 V - a wand of flame (17)
Scrolls
 j - a scroll of magic mapping
 x - 7 scrolls of remove curse
 z - a scroll of holy word
 E - 3 scrolls of fear
 F - a scroll of blinking
 M - a scroll of enchant armour
 N - 7 scrolls of identify
 W - a scroll of teleportation
Potions
 b - 7 potions of heal wounds
 e - 3 potions of might
 f - 7 potions of haste
 i - 6 potions of agility
 l - 12 potions of curing
 t - 4 potions of brilliance
 u - 4 potions of flight
 w - 4 potions of magic
 C - a potion of cancellation
 K - 3 potions of ambrosia
 U - a potion of berserk rage {unknown}
Comestibles
 c - 17 rations


   Skills:
 * Level 22.7(22.3) Fighting
 - Level 20.7(20.6) Axes
 - Level 5.7(14.7) Maces & Flails
 - Level 13.9(13.6) Armour
 * Level 18.8(18.4) Dodging
 - Level 2.0(1.7) Stealth
 - Level 1.5(1.3) Evocations


You had 17 spell levels left.
You didn't know any spells.

Dungeon Overview and Level Annotations

Branches:
Dungeon (15/15)            Temple (0/1) D:6            Lair (6/6) D:8
  Swamp (4/4) Lair:4        Snake (4/4) Lair:3        Slime (0/5) Lair:6
    Orc (2/2) D:12            Elf (0/3) Orc:2        Vaults (1/5) D:13
 Depths (0/5) D:15

Altars:
Ashenzari
Cheibriados
Elyvilon
Fedhas
Hepliaklqana
Kikubaaqudgha
Makhleb
Nemelex Xobeh
Okawaru
Qazlal
Trog
Vehumet
Yredelemnul
Zin
Jiyva

Shops:
D:13 *   Orc:2 [(=

Annotations:
D:13 1 runed door


Innate Abilities, Weirdness & Mutations

You reflexively headbutt those who attack you in melee.
You have a pair of horns on your head.


Message History

* * * LOW HITPOINT WARNING * * *
Your surroundings suddenly seem different.
A yaktaur comes into view.
The yaktaur shouts!
A yaktaur comes into view.
The yaktaur shouts!
A yaktaur comes into view.
The yaktaur shouts!
The yaktaur wields an arbalest.
The yaktaur shoots a bolt.
The bolt closely misses you.
Found a bolt.
A yaktaur comes into view.
The yaktaur wields an arbalest.
The yaktaur shoots a bolt.
The bolt hits you!!
* * * LOW HITPOINT WARNING * * *
The yaktaur wields an arbalest.
The yaktaur shoots a bolt.
The bolt hits you!
* * * LOW HITPOINT WARNING * * *
You hear a shout! x2
You see here 2 bolts.
The yaktaur shoots a bolt.
The bolt hits you!!
You die...

#################
.......(.........
.........@.......
........(########
.........#
.........#
.....cc..#
....c...c#
.........#
.........#
.........#


You could see 4 yaktaurs.

Vanquished Creatures
  Vashnia (Snake:2)
  Nikola (Snake:1)
  Gastronok (Lair:3)
  Agnes (Snake:3)
  8 nagarajas
  Kirke (Snake:1)
  Donald (Snake:3)
  Roxanne (D:15)
  Aizul (Snake:3)
  A juggernaut skeleton (D:15)
  Azrael (Orc:2)
  The ghost of waaargh the Spear-Bearer, a journeyman MiGl of Ru (Snake:1)
  Josephine (Snake:1)
  5 vault guards (D:13)
  Erolcha (D:10)
  Harold (D:10)
  24 hydras
  The ghost of ady5 the Geomancer, a journeyman GrEE of Vehumet (D:11)
  20 naga warriors
  A ghost crab (Swamp:3)
  20 two-headed ogres
  4 centaur warriors
  8 anacondas
  A catoblepas (D:15)
  2 tengu warriors
  The ghost of waaargh the Basher, a novice DrFi of the Shining One (Orc:1)
  5 ogre magi
  10 alligators
  Urug (Lair:4)
  9 shock serpents
  A vampire mage (D:14)
  23 naga sharpshooters
  2 skeletal warriors
  3 salamander mystics
  A spriggan druid (Swamp:3)
  2 shambling mangroves (Swamp:2)
  An unseen horror (D:11)
  A glowing orange brain (Vaults:1)
  5 naga ritualists
  8 swamp dragons
  A wolf spider zombie (D:15)
  An orc knight (Orc:1)
  6 mana vipers
  2 deep elf magi
  17 ugly things
  2 manticores
  2 orc sorcerers
  7 cyclopes
  2 necromancers
  11 salamanders
  A wolf spider (Lair:6)
  A frost giant zombie (D:15)
  15 spiny frogs
  46 black mambas
  4 guardian serpents
  10 naga magi
  A spiny frog (shapeshifter) (D:13)
  4 gargoyles
  An efreet (D:13)
  3 kobold demonologists
  A rime drake (shapeshifter) (D:15)
  4 rime drakes
  2 yaktaurs (D:13)
  A redback zombie (D:15)
  7 komodo dragons
  A polar bear (Lair:5)
  5 trolls
  17 hornets
  A polar bear (shapeshifter) (D:13)
  3 meliai (D:13)
  16 slime creatures
  6 bog bodies
  16 blink frogs
  10 hippogriffs
  An ice dragon skeleton (D:15)
  3 redbacks (Lair:6)
  6 spriggans
  6 wraiths
  5 shadows
  46 yaks
  12 wyverns
  3 hogs (Snake:1)
  4 basilisks
  3 fire elementals (Orc:2)
  2 humans (D:7)
  Grum (D:10)
  A human simulacrum (Vaults:1)
  12 vampire mosquitoes
  2 hungry ghosts
  20 swamp worms
  8 wargs
  2 acid dragons
  13 insubstantial wisps
  65 nagas
  A tengu zombie (D:15)
  20 water moccasins
  4 hell hounds (Orc:2)
  2 porcupines
  3 hornet zombies
  An elf skeleton (Vaults:1)
  21 orc warriors
  An ice beast (D:13)
  A black bear (D:10)
  18 swamp drakes
  5 sky beasts
  An orc zombie (Vaults:1)
  3 eyes of draining
  7 necrophages
  4 phantoms
  34 ogres
  3 wolves (D:10)
  15 centaurs
  8 crocodiles
  6 big kobolds
  11 bullfrogs
  7 scorpions
  2 wyvern skeletons
  8 wights
  4 howler monkeys
  5 crimson imps
  A bullfrog zombie (D:5)
  4 centaur zombies
  A quasit (D:7)
  21 orc priests
  3 bullfrog skeletons
  6 hounds
  4 jellies
  26 orc wizards
  3 iguanas
  2 centaur skeletons
  10 worker ants
  A killer bee zombie (D:8)
  13 adders
  6 gnolls
  A howler monkey skeleton (D:4)
  5 shadow imps
  5 oozes
  An adder skeleton (D:4)
  2 worms (D:3)
  A dart slug (D:2)
  3 leopard geckos
  92 orcs
  2 ball pythons (Swamp:2)
  7 giant cockroaches
  15 goblins
  4 hobgoblins
  10 jackals
  8 quokkas
  6 bats
  7 frilled lizards
  22 kobolds
  A leopard gecko skeleton (D:5)
  A leopard gecko zombie (D:5)
  6 rats
  A fungus (Lair:6)
  6 plants
1125 creatures vanquished.

Vanquished Creatures (collateral kills)
  4 hydras
  A porcupine (Lair:2)
5 creatures vanquished.

Vanquished Creatures (others)
  A spriggan druid (Swamp:3)
  A tyrant leech (Swamp:1)
  A slime creature (Swamp:3)
  A spriggan (Swamp:3)
  A human (Snake:1)
  A basilisk (D:13)
  An insubstantial wisp (Swamp:4)
  2 nagas (Snake:1)
  2 swamp drakes
  A crocodile (Lair:6)
  An orc (D:11)
  3 bushes
  18 fungi (Lair:6)
  19 plants
53 creatures vanquished.

Grand Total: 1183 creatures vanquished

Notes
Turn   | Place    | Note
-------+----------+-------------------------------------------
     0 | D:1      | MsStandart the Minotaur Berserker began the quest for the Orb.
     0 | D:1      | Reached XP level 1. HP: 19/19 MP: 0/0
   367 | D:1      | Reached XP level 2. HP: 27/27 MP: 1/1
   380 | D:1      | Reached skill level 4 in Fighting
   913 | D:2      | Reached XP level 3. HP: 34/34 MP: 2/2
   922 | D:2      | Reached ** piety under Trog
  1355 | D:2      | Reached XP level 4. HP: 41/41 MP: 3/3
  1687 | D:3      | Reached skill level 5 in Axes
  1763 | D:3      | Reached skill level 5 in Fighting
  1924 | D:4      | Reached XP level 5. HP: 43/48 MP: 4/4
  2677 | D:3      | Found a hazy altar of Hepliaklqana.
  2705 | D:4      | Reached XP level 6. HP: 26/56 MP: 5/5
  3129 | D:3      | Noticed a fire elemental
  3136 | D:3      | Found a stormy altar of Qazlal.
  3137 | D:3      | Noticed an air elemental
  3137 | D:3      | Noticed a water elemental
  3508 | D:5      | Entered Level 5 of the Dungeon
  3729 | D:4      | Reached *** piety under Trog
  3899 | D:4      | Reached XP level 7. HP: 62/62 MP: 6/6
  3909 | D:4      | Reached skill level 6 in Fighting
  4656 | D:5      | Reached skill level 5 in Armour
  4705 | D:5      | Found a radiant altar of Vehumet.
  4863 | D:5      | Reached XP level 8. HP: 59/71 MP: 7/7
  5124 | D:5      | Reached skill level 7 in Fighting
  5133 | D:5      | Found an ancient bone altar of Kikubaaqudgha.
  5185 | D:5      | Received a gift from Trog
  5189 | D:5      | Found a bloodstained altar of Trog.
  5192 | D:5      | Reached skill level 10 in Axes
  5197 | D:5      | Reached **** piety under Trog
  5377 | D:5      | Lost intelligence.
  5896 | D:6      | Found a glowing silver altar of Zin.
  6191 | D:6      | Found a staircase to the Ecumenical Temple.
  6326 | D:6      | Found a burning altar of Makhleb.
  6326 | D:6      | Noticed a green death
  6451 | D:6      | Reached XP level 9. HP: 81/81 MP: 8/8
  6816 | D:7      | Found an iron altar of Okawaru.
  6833 | D:7      | Reached skill level 1 in Stealth
  6836 | D:7      | Reached skill level 8 in Fighting
  7828 | D:7      | Found a sparkling altar of Nemelex Xobeh.
  8034 | D:7      | Found a snail-covered altar of Cheibriados.
  8191 | D:8      | Found a basalt altar of Yredelemnul.
  8192 | D:8      | Found a white marble altar of Elyvilon.
  8192 | D:8      | Found a shattered altar of Ashenzari.
  8218 | D:8      | Found a staircase to the Lair.
  8809 | D:9      | Reached XP level 10. HP: 82/90 MP: 9/9
  8859 | D:9      | Paralysed by a hornet for 3 turns
  8862 | D:9      | Reached skill level 9 in Fighting
  9965 | D:9      | Noticed a brown ugly thing
  9970 | D:9      | Killed a brown ugly thing
 10224 | D:10     | Entered Level 10 of the Dungeon
 10236 | D:10     | Noticed a two-headed ogre
 10248 | D:10     | Killed a two-headed ogre
 10468 | D:10     | Noticed Harold
 10482 | D:10     | Killed Harold
 10673 | D:10     | Reached skill level 15 in Axes
 10763 | D:10     | Noticed a cyclops
 10779 | D:10     | Killed a cyclops
 10986 | D:10     | Reached XP level 11. HP: 99/99 MP: 10/10
 11098 | D:10     | Noticed Grum
 11119 | D:10     | Killed Grum
 11252 | D:10     | Noticed Erolcha
 11259 | D:10     | Killed Erolcha
 11259 | D:10     | Reached ***** piety under Trog
 11259 | D:10     | Reached skill level 10 in Fighting
 12009 | D:11     | Noticed a green ugly thing
 12018 | D:11     | Killed a green ugly thing
 12108 | D:11     | Killed an unseen horror
 12126 | D:11     | Noticed ady5's ghost (journeyman GrEE)
 12440 | D:11     | Killed ady5's ghost
 12894 | D:11     | Paralysed by fainting for 12 turns
 12958 | D:12     | Reached skill level 11 in Fighting
 12982 | D:12     | Reached skill level 10 in Armour
 13731 | Lair:1   | Entered Level 1 of the Lair of Beasts
 14339 | Lair:1   | You fall through a shaft!
 14340 | Lair:2   | Noticed a seven-headed hydra
 14429 | Lair:2   | Killed an eight-headed hydra
 14429 | Lair:2   | Reached XP level 12. HP: 80/110 MP: 8/11
 15340 | Lair:2   | Noticed an eight-headed hydra
 15347 | Lair:2   | Killed a nine-headed hydra
 16194 | Lair:3   | Noticed a six-headed hydra
 16203 | Lair:3   | Killed a six-headed hydra
 16340 | Lair:3   | Reached skill level 12 in Fighting
 16351 | Lair:3   | Noticed a four-headed hydra
 16373 | Lair:2   | Killed a four-headed hydra
 16461 | Lair:3   | Noticed a six-headed hydra
 16474 | Lair:3   | Killed a six-headed hydra
 16678 | Lair:3   | Noticed Gastronok
 16689 | Lair:3   | Killed Gastronok
 16689 | Lair:3   | Reached skill level 1 in Maces & Flails
 16790 | Lair:3   | Found a staircase to the Snake Pit.
 17371 | Lair:4   | Noticed an eight-headed hydra
 17397 | Lair:4   | Killed an eight-headed hydra
 17774 | Lair:4   | Found a staircase to the Swamp.
 18016 | Lair:4   | Noticed a seven-headed hydra
 18025 | Lair:4   | Killed a seven-headed hydra
 18522 | Lair:5   | Noticed a four-headed hydra
 18523 | Lair:5   | Noticed Urug
 18577 | Lair:4   | Killed a four-headed hydra
 19013 | Lair:5   | Reached XP level 13. HP: 119/119 MP: 12/12
 19063 | Lair:4   | Killed Urug
 19066 | Lair:4   | Reached skill level 13 in Fighting
 20093 | Lair:5   | Reached skill level 5 in Maces & Flails
 20412 | Lair:6   | Entered Level 6 of the Lair of Beasts
 20828 | Lair:5   | Received a gift from Trog
 20914 | Lair:5   | Reached skill level 1 in Evocations
 21138 | Lair:6   | Reached skill level 14 in Fighting
 21285 | Lair:6   | Paralysed by a hornet for 3 turns
 21612 | Lair:6   | Found a staircase to the Slime Pits.
 22435 | Lair:6   | Reached XP level 14. HP: 133/133 MP: 14/14
 22901 | D:12     | Found a staircase to the Orcish Mines.
 23002 | D:12     | Reached ****** piety under Trog
 23847 | Orc:1    | Entered Level 1 of the Orcish Mines
 24066 | Orc:2    | Entered Level 2 of the Orcish Mines
 24085 | Orc:2    | Found a staircase to the Elven Halls.
 24092 | Orc:2    | Noticed Azrael
 24100 | Orc:2    | Killed Azrael
 24294 | Orc:2    | Reached skill level 15 in Fighting
 24367 | Orc:2    | Paralysed by an ogre mage for 2 turns
 24739 | Orc:2    | Received a gift from Trog
 25242 | Orc:2    | Found Durgh's Weapon Emporium.
 25242 | Orc:2    | Found Kubithoy's Jewellery Shop.
 25243 | Orc:2    | Found Daqiatiz's Antique Armour Boutique.
 25243 | Orc:2    | Found Onidif's Food Emporium.
 25254 | Orc:2    | Bought a pair of embroidered boots for 202 gold pieces
 26009 | D:13     | Reached skill level 16 in Fighting
 26308 | D:13     | Reached XP level 15. HP: 54/145 MP: 6/15
 26313 | D:13     | HP: 6/145 [cyclops/large rock (24)]
 26332 | D:13     | HP: 3/145 [hornet (5)]
 26916 | D:13     | Found a runed door.
 27473 | D:13     | Received a gift from Trog
 27840 | D:13     | Found a blossoming altar of Fedhas.
 28045 | D:13     | Found Wimaor's General Store.
 28054 | D:13     | Bought a scroll of identify for 26 gold pieces
 28054 | D:13     | Bought a potion of heal wounds for 65 gold pieces
 28054 | D:13     | Bought a potion of curing for 39 gold pieces
 28179 | D:13     | Paralysed by an ogre mage for 7 turns
 28740 | D:14     | Found a viscous altar of Jiyva.
 28746 | D:14     | Reached skill level 5 in Dodging
 29242 | D:14     | Reached skill level 17 in Fighting
 29283 | D:15     | Entered Level 15 of the Dungeon
 29287 | D:15     | Found a staircase to the Depths.
 30251 | D:15     | Received a gift from Trog
 30759 | D:15     | Noticed Roxanne
 31721 | D:15     | Killed Roxanne
 31721 | D:15     | Reached skill level 10 in Dodging
 32044 | Swamp:1  | Entered Level 1 of the Swamp
 32192 | Swamp:1  | Reached skill level 18 in Fighting
 32390 | Swamp:1  | Received a gift from Trog
 33240 | Swamp:2  | Reached XP level 16. HP: 115/159 MP: 16/16
 34764 | Swamp:3  | Paralysed by a hornet for 3 turns
 35501 | Swamp:4  | Entered Level 4 of the Swamp
 35534 | Swamp:4  | Received a gift from Trog
 35575 | Swamp:4  | Got a polished hand axe
 35578 | Swamp:4  | Identified the +7 hand axe "Meoribiv" {antimagic, rC- rN++ Str+4} (You found it on level 4 of the Swamp)
 35703 | Swamp:4  | Reached skill level 19 in Fighting
 36827 | Swamp:4  | Got a decaying rune of Zot
 37197 | Snake:1  | Entered Level 1 of the Snake Pit
 37278 | Snake:1  | Reached skill level 15 in Dodging
 37750 | Snake:1  | Noticed Nikola
 37771 | Snake:1  | Killed Nikola
 38257 | Snake:1  | Reached skill level 20 in Fighting
 38520 | Snake:1  | Noticed Josephine
 38526 | Snake:1  | Killed Josephine
 38675 | Snake:1  | Noticed Kirke
 38690 | Snake:1  | Reached XP level 17. HP: 148/170 MP: 15/17
 38691 | Snake:1  | Killed Kirke
 38933 | Snake:1  | Noticed waaargh's ghost (journeyman MiGl)
 38947 | Snake:1  | Killed waaargh's ghost
 39579 | Snake:2  | Received a gift from Trog
 40036 | Snake:2  | Noticed Vashnia
 40572 | Snake:2  | Killed Vashnia
 41537 | Orc:1    | Noticed waaargh's ghost (novice DrFi)
 41548 | Orc:1    | Killed waaargh's ghost
 42318 | Snake:3  | Reached skill level 21 in Fighting
 42418 | Snake:3  | Noticed Aizul
 42433 | Snake:3  | Killed Aizul
 42737 | Snake:3  | Noticed Donald
 42749 | Snake:3  | Killed Donald
 42812 | Snake:3  | Received a gift from Trog
 42815 | Snake:3  | Got a polished war axe {god gift}
 42816 | Snake:3  | Identified the +3 war axe "Zoora" {venom, rPois} (Trog gifted it to you on level 3 of the Snake Pit)
 43457 | Snake:3  | Noticed Agnes
 43466 | Snake:3  | Killed Agnes
 44747 | Snake:4  | Entered Level 4 of the Snake Pit
 44900 | Snake:4  | Received a gift from Trog
 45356 | Snake:4  | Reached XP level 18. HP: 168/184 MP: 16/18
 46151 | Snake:4  | Reached skill level 22 in Fighting
 46529 | Snake:4  | Received a gift from Trog
 46948 | Snake:4  | Got a serpentine rune of Zot
 47651 | D:13     | Found a gate to the Vaults.
 47675 | D:13     | Received a gift from Trog
 47712 | Vaults:1 | Entered Level 1 of the Vaults
 48004 | Vaults:1 | Shot with a bolt by a yaktaur

Skill      XL: |  1  2  3  4  5  6  7  8  9 10 11 12 13 14 15 16 17 18 |
---------------+-------------------------------------------------------+-----
Axes           | 4 5 6 7 9 11 13 15 17 18 19 20 | 20.7
Fighting       | 4 5 6 7 8 9 11 12 14 16 18 20 21 22 | 22.7
Armour         | 3 4 5 7 8 10 11 12 13 | 13.9
Stealth        | 1 2 |  2.0
Maces & Flails | 3 5 |  5.7
Evocations     | 1 |  1.5
Dodging        | 12 15 17 18 | 18.8

Action                   |  1- 3 |  4- 6 |  7- 9 | 10-12 | 13-15 | 16-18 || total
-------------------------+-------+-------+-------+-------+-------+-------++-------
Melee: Hand axe          |    86 |   140 |    25 |       |       |    79 ||   330
       Headbutt          |     9 |    25 |    51 |   116 |   333 |   299 ||   833
       Battleaxe         |       |       |   223 |   439 |   981 |   736 ||  2379
       Flail             |       |       |       |    58 |   116 |       ||   174
       Great mace        |       |       |       |       |    95 |   309 ||   404
       Dire flail        |       |       |       |       |     4 |       ||     4
Invok: Berserk           |       |     2 |     2 |     9 |     9 |    11 ||    33
       Burn Spellbooks   |       |       |     1 |     1 |     6 |     2 ||    10
       Brothers in Arms  |       |       |       |     5 |       |       ||     5
Evoke: Wand              |       |       |       |     6 |    30 |     8 ||    44
  Use: Scroll            |     6 |     7 |    16 |    12 |    22 |    10 ||    73
       Potion            |       |       |       |       |     2 |     3 ||     5
 Stab: Distracted        |       |       |       |       |     1 |       ||     1
  Eat: Chunk             |     1 |     6 |    10 |    16 |    34 |    11 ||    78
       Ration            |       |     1 |     3 |     9 |     5 |    14 ||    32
Armor: Ring mail         |    33 |    50 |    33 |       |       |       ||   116
       Plate armour      |       |       |   111 |   467 |   803 |   762 ||  2143
       Skin              |       |       |       |    20 |       |       ||    20
Dodge: Dodged            |    52 |    88 |   113 |   212 |   531 |   850 ||  1846
Block: Other             |       |       |       |       |    11 |       ||    11
